 Dungeon Crawl Stone Soup version 0.17.1-3-g152610e (webtiles) character file.

28747 manyhoops the Eclecticist (level 13, -1/74 HPs)
             Began as a Deep Elf Ice Elementalist on Apr 16, 2016.
             Was a High Priest of Vehumet.
             Shot with a poisoned arrow by a centaur (15 damage)
             ... on level 11 of the Dungeon.
             The game lasted 01:28:06 (22435 turns).

manyhoops the Eclecticist (DEIE)                   Turns: 22435, Time: 01:28:06

Health: -1/74      AC: 14    Str:  8    XL:     13   Next: 11%
Magic:  26/36      EV: 16    Int: 27    God:    Vehumet [*****.]
Gold:   828        SH:  0    Dex: 17    Spells: 10 memorised, 9 levels left

rFire  . . .     SeeInvis .     v - +3 dagger (protect)
rCold  . . .     Clarity  +     X - +1 robe "Voehag" {rN+ Dex+2}
rNeg   + . .     SustAt   .     (no shield)
rPois  +         Gourm    +     W - +2 helmet {Int+3}
rElec  .         Spirit   .     e - +2 cloak
rCorr  .         Warding  .     (no gloves)
rMut   .         Stasis   .     (no boots)
MR     +....                    i - amulet of the gourmand
Stlth  ++++......               D - +3 ring of strength
                                r - ring of poison resistance

@: very slightly contaminated, somewhat resistant to hostile enchantments,
stealthy
A: thin skeletal structure 1, clarity, clumsy 1, dopey 1, sense surroundings 1
a: Renounce Religion


You were on level 11 of the Dungeon.
You worshipped Vehumet.
Vehumet was extremely pleased with you.
You were not hungry.

You visited 4 branches of the dungeon, and saw 21 of its levels.
You also visited: Labyrinth, Ossuary and Ice Cave.

You collected 1172 gold pieces.
You spent 344 gold pieces at shops.

Inventory:

Hand Weapons
 v - a +3 dagger of protection (weapon)
Missiles
 V - 4 throwing nets (quivered)
Armour
 a - a +2 robe
 e - a +2 cloak (worn)
 K - a +2 hat of magic resistance
 W - a +2 helmet of intelligence (worn)
 X - the +1 robe "Voehag" (worn) {rN+ Dex+2}
   (You found it on level 11 of the Dungeon)

   It affects your dexterity (+2).
   It protects you from negative energy.
Magical Staves
 u - an uncursed staff of fire
 L - an uncursed staff of conjuration
 Q - an uncursed staff of earth
Jewellery
 i - an amulet of the gourmand (around neck)
 r - a ring of poison resistance (left hand)
 D - a +3 ring of strength (right hand)
 G - an uncursed ring of sustain attributes
 I - an uncursed amulet of guardian spirit
Wands
 g - a wand of lightning (8)
 l - a wand of lightning (7)
 n - a wand of invisibility (5)
 y - a wand of fire (0)
 B - a wand of disintegration (10)
 C - a wand of magic darts (24)
 F - a wand of draining (6)
 J - a wand of invisibility (3)
 Y - a wand of random effects (12)
Scrolls
 f - 9 scrolls of remove curse
 j - a scroll of magic mapping
 k - a scroll of teleportation
 p - 3 scrolls of fog
 q - 4 scrolls of amnesia
 A - 3 scrolls of identify
 E - 4 scrolls of enchant weapon
Potions
 m - 4 potions of haste
 t - 3 potions of brilliance
 x - a potion of invisibility
 H - 2 potions of cancellation
 P - a potion of ambrosia
 R - a potion of heal wounds
 S - a potion of curing
Books
 b - a book of Frost

   Spells                             Type                      Level
   a - Freeze                         Ice                          1
   b - Throw Frost                    Conjuration/Ice              2
   c - Ozocubu's Armour               Charms/Ice                   3
   d - Throw Icicle                   Conjuration/Ice              4
   e - Summon Ice Beast               Ice/Summoning                4
   f - Condensation Shield            Ice                          4
 h - a book of Changes

   Spells                             Type                      Level
   a - Beastly Appendage              Transmutation                1
   b - Sticks to Snakes               Transmutation                2
   c - Spider Form                    Transmutation/Poison         3
   d - Ice Form                       Ice/Transmutation            4
   e - Blade Hands                    Transmutation                5
 w - Vej Pud's Almanac of Curses
   (You found it in a labyrinth)

   Spells                             Type                      Level
   a - Confusing Touch                Hexes                        2
   b - Spectral Weapon                Hexes/Charms                 3
   c - Gell's Gravitas                Hexes/Translocation          3
   d - Inner Flame                    Hexes/Fire                   3
   e - Leda's Liquefaction            Hexes/Earth                  4
   f - Cause Fear                     Hexes                        4
   g - Metabolic Englaciation         Hexes/Ice                    5
   h - Silence                        Hexes/Air                    5
 z - a book of Transfigurations

   Spells                             Type                      Level
   a - Stoneskin                      Transmutation/Earth          2
   b - Irradiate                      Conjuration/Transmutation    5
   c - Statue Form                    Transmutation/Earth          6
   d - Hydra Form                     Transmutation                6
   e - Dragon Form                    Transmutation                7
 M - a book of Callings

   Spells                             Type                      Level
   a - Summon Small Mammal            Summoning                    1
   b - Call Imp                       Summoning                    2
   c - Call Canine Familiar           Summoning                    3
   d - Summon Guardian Golem          Hexes/Summoning              3
   e - Summon Lightning Spire         Summoning/Air                4
   f - Summon Ice Beast               Ice/Summoning                4
 O - a Young Poisoner's Handbook

   Spells                             Type                      Level
   a - Sting                          Conjuration/Poison           1
   b - Cure Poison                    Poison                       2
   c - Mephitic Cloud                 Conjuration/Poison/Air       3
   d - Olgreb's Toxic Radiance        Poison                       4
   e - Venom Bolt                     Conjuration/Poison           5
Miscellaneous
 T - a lamp of fire
 U - a plain deck of changes
Comestibles
 c - 16 bread rations
 d - 20 fruits
 o - 5 meat rations
 N - 7 beef jerkies


   Skills:
 - Level 6.0 Fighting
 * Level 5.9 Dodging
 * Level 7.1 Stealth
 - Level 17.2 Spellcasting
 - Level 10.2 Conjurations
 - Level 0.2 Summonings
 - Level 12.5 Ice Magic
 - Level 0.2 Air Magic
 - Level 0.2 Poison Magic


You had 9 spell levels left.
You knew the following spells:

 Your Spells              Type           Power        Failure   Level  Hunger
a - Freeze                Ice            ####         0%          1    None
b - Throw Frost           Conj/Ice       ######       1%          2    None
c - Ozocubu's Armour      Chrm/Ice       ######..     1%          3    None
d - Condensation Shield   Ice            ######....   1%          4    None
e - Throw Icicle          Conj/Ice       ######..     1%          4    None
f - Summon Ice Beast      Ice/Summ       ######..     1%          4    None
g - Mephitic Cloud        Conj/Pois/Air  #####...     1%          3    None
h - Venom Bolt            Conj/Pois      ######....   2%          5    None
i - Lightning Bolt        Conj/Air       ######....   2%          5    None
j - Ozocubu's Refrigerat  Ice            ######....   1%          6    ###....


Dungeon Overview and Level Annotations

Branches:
Dungeon (11/15)            Temple (1/1) D:5            Lair (5/8) D:9
 Spider (0/4) Lair:3          Orc (4/4) D:9
  Swamp: Lair:3-6    Shoals: Lair:3-6       Elf: Orc:3-4

Altars:
Ashenzari
Cheibriados
Dithmenos
Elyvilon
Fedhas
Gozag
Kikubaaqudgha
Makhleb
Nemelex Xobeh
Okawaru
Qazlal
Ru
Sif Muna
Trog
Vehumet
Xom
Yredelemnul
Zin
The Shining One

Shops:
D:11 [

Annotations:
D:7 Sl000nik's ghost, novice GrFi
Lair:5 Nessos


Innate Abilities, Weirdness & Mutations

You have a somewhat thin skeletal structure (Dex +2, Stealth).
You possess an exceptional clarity of mind.
You are clumsy. (Dex -2)
You are dopey. (Int -2)
You passively map a small area around you.


Message History

Press: ? - help, Dir - move target cursor You are very lightly contaminated with residual magic.
As you read the scroll of blinking, it crumbles to dust.
A giant frog comes into view.
The giant frog barely misses you.
Casting: Ozocubu's Refrigeration
Confirm with . or Enter, or press ? or * to list all spells.
Aiming: Throw Icicle
Press: ? - help, Shift-Dir - straight line, f - giant frog
Aim: a giant frog The shard of ice hits the giant frog.
You kill the giant frog!
Vehumet accepts your kill.
You feel your power returning.
You can drink potions again.
The centaur shoots a poisoned arrow.
The poisoned arrow hits you!
* * * LOW HITPOINT WARNING * * *
You see here a poisoned arrow.
The centaur shoots a poisoned arrow.
The poisoned arrow hits you!
You die...

#........# ##............#
###........# #.............####
##...##....# #................#
##...#....####................###
.......................>.........
.................................
.............................!...
..>..............................
...........<....@(.....c.........
....<..................†.........
.....)...........................
.................................
.................................
..........[......................
.................................
##...#####...#####.........#...##
#...# ##### #.........#...#


You could see a centaur.

Vanquished Creatures
  Snorg (Orc:1)
  A minotaur (Lab)
  A hydra (D:9)
  An orc high priest (Orc:4)
  2 death yaks (Lair:5)
  Sonja (Lair:2)
  The ghost of bollicks1999 the Covert, a novice OpAs (D:9)
  Pikel (D:4)
  An oklob plant (Lair:2)
  An ugly thing (D:11)
  An orc knight (Orc:4)
  2 orc sorcerers (Orc:4)
  Psyche (D:8)
  3 black mambas
  4 spiny frogs
  4 komodo dragons
  A fire drake (Lair:2)
  A blue devil (Lair:3)
  A two-headed ogre (D:11)
  12 blink frogs
  A deep elf mage (D:10)
  6 spriggans (Lair:4)
  12 yaks
  A basilisk (Lab)
  A wolf (D:8)
  4 hippogriffs
  A warg (Orc:4)
  8 water moccasins
  7 orc warriors
  2 slaves
  10 porcupines
  9 ogres
  2 phantoms (D:9)
  An ice beast (D:10)
  3 black bears
  2 big kobolds
  6 crocodiles
  Blork the orc (Orc:4)
  9 centaurs
  11 giant frogs
  3 scorpions
  6 killer bees (D:10)
  6 wights
  3 crimson imps
  4 giant frog zombies
  A centaur zombie (D:5)
  5 hounds
  8 orc priests
  Crazy Yiuf (D:6)
  A jelly (D:7)
  2 giant frog skeletons
  10 orc wizards
  5 worker ants
  7 iguanas
  2 big kobold zombies (Ossuary)
  2 hound skeletons
  2 mummies (Ossuary)
  Robin (D:2)
  14 river rats
  3 shadow imps
  5 white imps (IceCv)
  12 adders
  An ufetubus (IceCv)
  An adder zombie (D:5)
  An adder skeleton (D:9)
  3 worms
  4 giant geckos
  33 orcs
  3 giant cockroaches
  12 goblins
  8 hobgoblins
  16 jackals
  A quokka (D:3)
  A ball python (D:2)
  6 bats
  A giant gecko skeleton (D:7)
  6 giant newts
  2 goblin zombies (Ossuary)
  2 hobgoblin zombies (Ossuary)
  2 jackal zombies
  16 kobolds
  A kobold zombie (Ossuary)
  3 orc zombies (Ossuary)
  A quokka skeleton (D:8)
  2 quokka zombies
  3 rats
  A butterfly (D:5)
  3 fungi
374 creatures vanquished.

Vanquished Creatures (collateral kills)
  Gastronok (D:8)
  The ghost of manyhoops the Thaumaturge, a journeyman DEIE of Vehumet (Lair:1)
  An orc sorcerer (Orc:4)
  A centaur skeleton (D:11)
  A troll (Orc:4)
  A two-headed ogre (D:10)
  6 blink frogs
  3 yaks
  2 hungry ghosts
  Grum (D:8)
  A porcupine (Lair:4)
  3 wolves (D:8)
  2 orc warriors (Orc:4)
  An ogre (Orc:2)
  An ice beast (D:9)
  An elf zombie (Ossuary)
  A centaur (D:7)
  2 giant frogs (Lair:4)
  A centaur zombie (Ossuary)
  A human zombie (Ossuary)
  An orc priest (Orc:4)
  3 orc wizards (Orc:2)
  A worker ant (D:7)
  A worker ant zombie (D:9)
  18 river rats
  9 orcs
  2 goblin zombies (Ossuary)
  5 hobgoblin zombies (Ossuary)
  9 kobold zombies (Ossuary)
  6 orc zombies (Ossuary)
  A rat zombie (Ossuary)
88 creatures vanquished.

Vanquished Creatures (others)
  2 white imps (IceCv)
  An ufetubus (IceCv)
  4 fungi
  6 plants
13 creatures vanquished.

Grand Total: 475 creatures vanquished

Notes
Turn   | Place    | Note
--------------------------------------------------------------
     0 | D:1      | manyhoops the Deep Elf Ice Elementalist began the quest for the Orb.
     0 | D:1      | Reached XP level 1. HP: 10/10 MP: 6/6
   658 | D:2      | Reached skill level 4 in Ice Magic
   658 | D:2      | Reached XP level 2. HP: 15/15 MP: 8/8
   662 | D:2      | Learned a level 2 spell: Throw Frost
   798 | D:2      | Noticed Robin
   828 | D:2      | Killed Robin
   828 | D:2      | Reached XP level 3. HP: 17/19 MP: 0/10
  1155 | D:2      | Learned a level 3 spell: Ozocubu's Armour
  1694 | D:3      | Reached XP level 4. HP: 21/24 MP: 7/12
  1811 | D:3      | Found an iron altar of Okawaru.
  1811 | D:3      | Found a deep blue altar of Sif Muna.
  2069 | D:3      | Found a burning altar of Makhleb.
  2069 | D:3      | Noticed a balrug
  2084 | D:3      | Noticed an orange demon
  2084 | D:3      | Noticed a smoke demon
  2355 | D:4      | Learned a level 4 spell: Condensation Shield
  2423 | D:4      | Noticed a slave
  2759 | D:4      | Noticed an ogre
  3002 | D:3      | Killed an ogre
  3002 | D:3      | Reached skill level 5 in Spellcasting
  3002 | D:3      | Reached skill level 5 in Ice Magic
  3002 | D:3      | Reached XP level 5. HP: 14/28 MP: 0/15
  3284 | D:4      | Noticed a slave
  3338 | D:4      | Got an opal-encrusted ring mail
  3349 | D:4      | Identified the +5 ring mail of Hegguk {rF+} (You found it on level 4 of the Dungeon)
  3416 | D:4      | Noticed a slave
  3417 | D:4      | Noticed Pikel
  3424 | D:4      | Learned a level 4 spell: Throw Icicle
  3425 | D:4      | Noticed a slave
  3462 | D:3      | Killed a slave
  3623 | D:5      | Entered Level 5 of the Dungeon
  3628 | D:5      | Killed a slave
  3849 | D:5      | Noticed a centaur
  3858 | D:5      | Found a staircase to the Ecumenical Temple.
  3863 | Temple   | Entered the Ecumenical Temple
  3956 | Temple   | Became a worshipper of Vehumet
  4209 | D:5      | Noticed a centaur
  4627 | D:6      | Noticed an ogre
  4636 | D:6      | Killed an ogre
  4636 | D:6      | Reached skill level 6 in Spellcasting
  4636 | D:6      | Reached XP level 6. HP: 32/32 MP: 3/17
  4997 | D:6      | Reached XP level 7. HP: 29/36 MP: 0/19
  5164 | D:6      | Gained mutation: You are clumsy. (Dex -2) [potion of mutation]
  5164 | D:6      | Gained mutation: You passively map a small area around you. [potion of mutation]
  5164 | D:6      | Gained mutation: You possess an exceptional clarity of mind. [potion of mutation]
  5165 | D:6      | Gained mutation: You have a somewhat thin skeletal structure (Dex +2, Stealth). [potion of mutation]
  5165 | D:6      | Gained mutation: You are dopey. (Int -2) [potion of mutation]
  5199 | D:6      | Reached skill level 7 in Spellcasting
  5335 | D:6      | Reached * piety under Vehumet
  5335 | D:6      | Offered knowledge of Magic Dart by Vehumet.
  6025 | D:5      | Learned a level 4 spell: Summon Ice Beast
  6320 | D:6      | Noticed Crazy Yiuf
  6322 | D:6      | Killed Crazy Yiuf
  6360 | D:6      | Reached skill level 8 in Spellcasting
  6558 | D:5      | Killed a centaur
  6558 | D:5      | Reached XP level 8. HP: 21/41 MP: 2/22
  6818 | D:5      | Killed a centaur
  6969 | D:5      | Noticed a centaur
  6971 | D:5      | Killed a centaur
  6971 | D:5      | Reached skill level 5 in Conjurations
  7193 | D:4      | Killed Pikel
  7193 | D:4      | Reached skill level 9 in Spellcasting
  7416 | D:7      | Reached XP level 9. HP: 45/45 MP: 7/24
  7809 | D:7      | Reached skill level 10 in Spellcasting
  8048 | D:7      | Noticed Sl000nik's ghost (novice GrFi)
  8240 | D:7      | Offered knowledge of Sandblast by Vehumet.
  8242 | D:7      | Reached ** piety under Vehumet
  8770 | D:8      | Found a sand-covered staircase.
  8776 | Ossuary  | Entered an ossuary
  8963 | Ossuary  | Offered knowledge of Inner Flame by Vehumet.
  9063 | Ossuary  | Reached *** piety under Vehumet
  9666 | D:8      | Noticed Psyche
  9680 | D:8      | Killed Psyche
  9680 | D:8      | Reached skill level 11 in Spellcasting
  9965 | D:8      | Noticed Grum
  9968 | D:8      | Offered knowledge of Mephitic Cloud by Vehumet.
 10197 | D:8      | Killed Grum
 10325 | D:8      | Noticed Gastronok
 10351 | D:8      | Killed Gastronok
 10351 | D:8      | Reached skill level 12 in Spellcasting
 10351 | D:8      | Reached skill level 10 in Ice Magic
 10351 | D:8      | Reached XP level 10. HP: 50/50 MP: 15/28
 10356 | D:8      | Learned a level 3 spell: Mephitic Cloud
 10537 | D:9      | Found a staircase to the Orcish Mines.
 10602 | D:9      | Noticed a four-headed hydra
 10611 | D:9      | Killed a four-headed hydra
 10722 | D:9      | Noticed bollicks1999's ghost (novice OpAs)
 11061 | D:9      | Found a staircase to the Lair.
 11107 | D:9      | Reached **** piety under Vehumet
 11328 | D:9      | Found a snail-covered altar of Cheibriados.
 11441 | D:9      | Found a stormy altar of Qazlal.
 11743 | D:9      | Found a shimmering altar of Xom.
 11840 | Lair:1   | Entered Level 1 of the Lair of Beasts
 12108 | Lair:1   | Reached skill level 13 in Spellcasting
 12151 | Lair:1   | Offered knowledge of Airstrike by Vehumet.
 12353 | Lair:1   | Noticed manyhoops's ghost (journeyman DEIE)
 12565 | Lair:1   | Reached skill level 1 in Fighting
 12802 | Lair:1   | Reached XP level 11. HP: 38/57 MP: 1/30
 12880 | Lair:1   | Noticed a black mamba
 12883 | Lair:1   | Killed a black mamba
 12983 | Lair:1   | Killed manyhoops's ghost
 12983 | Lair:1   | Reached skill level 14 in Spellcasting
 13098 | Lair:2   | Noticed Sonja
 13104 | Lair:2   | Killed Sonja
 13662 | Lair:2   | Reached skill level 15 in Spellcasting
 14479 | Lair:3   | Learned a level 5 spell: Venom Bolt
 14514 | Lair:3   | Found a frozen archway.
 14532 | IceCv    | Entered an ice cave
 15193 | Lair:3   | Reached skill level 16 in Spellcasting
 15548 | Lair:3   | Reached ***** piety under Vehumet
 15548 | Lair:3   | Offered knowledge of Lightning Bolt by Vehumet.
 15808 | Lair:3   | Found a hole to the Spider Nest.
 15839 | Lair:3   | Learned a level 5 spell: Lightning Bolt
 16592 | Lair:4   | Reached XP level 12. HP: 20/67 MP: 16/34
 16596 | Lair:4   | Reached skill level 17 in Spellcasting
 17514 | Lair:4   | Reached skill level 5 in Fighting
 18058 | Lair:5   | Found a labyrinth entrance.
 18083 | Lab      | Entered a labyrinth
 18362 | Lab      | Noticed a minotaur
 18367 | Lab      | Killed a minotaur
 18375 | Lab      | Identified Vej Pud's Almanac of Curses
 18396 | Lair:5   | Noticed Nessos
 18435 | Lair:5   | HP: 2/68 [spiny frog (4)]
 19175 | D:9      | Killed bollicks1999's ghost
 19253 | Orc:1    | Entered Level 1 of the Orcish Mines
 19266 | Orc:1    | Noticed Snorg
 19646 | Orc:4    | Entered Level 4 of the Orcish Mines
 19704 | Orc:4    | Reached skill level 10 in Conjurations
 20249 | Orc:4    | Noticed Blork the orc
 20254 | Orc:4    | Killed Blork the orc
 20412 | Orc:4    | Reached skill level 5 in Stealth
 20645 | Orc:4    | Noticed an orc warlord
 20845 | Orc:1    | Killed Snorg
 20989 | D:10     | Entered Level 10 of the Dungeon
 21011 | D:10     | Offered knowledge of Ozocubu's Refrigeration by Vehumet.
 21190 | D:10     | Reached XP level 13. HP: 63/74 MP: 15/36
 21439 | D:10     | Reached skill level 5 in Dodging
 21608 | D:10     | Found a glowing golden altar of the Shining One.
 21812 | D:11     | Found Jut Uxag's Armour Shoppe.
 21820 | D:11     | Bought a +2 helmet of intelligence for 344 gold pieces
 22105 | D:11     | Got a heavily jewelled robe
 22228 | D:11     | Identified the +1 robe "Voehag" {rN+ Dex+2} (You found it on level 11 of the Dungeon)
 22288 | D:11     | Learned a level 6 spell: Ozocubu's Refrigeration
 22435 | D:11     | Shot with a poisoned arrow by a centaur

Action                   |  1- 3 |  4- 6 |  7- 9 | 10-12 | 13-15 || total
-------------------------+-------+-------+-------+-------+-------++-------
Melee: Mace              |    16 |    15 |     7 |       |       ||    38
       Dagger            |       |       |   271 |    74 |    25 ||   370
 Cast: Freeze            |    48 |    71 |    72 |    78 |    10 ||   279
       Throw Frost       |     1 |    11 |    11 |    61 |     7 ||    91
       Ozocubu's Armour  |     1 |     8 |    28 |    48 |     8 ||    93
       Throw Icicle      |       |     7 |    83 |   268 |    31 ||   389
       Condensation Shie |       |       |     6 |    26 |     4 ||    36
       Summon Ice Beast  |       |       |    27 |    54 |     6 ||    87
       Lightning Bolt    |       |       |       |    16 |     1 ||    17
       Venom Bolt        |       |       |       |     5 |       ||     5
       Ozocubu's Refrige |       |       |       |       |     2 ||     2
Evoke: Wand              |       |       |       |     5 |       ||     5
  Use: Potion            |     2 |     3 |     3 |    11 |       ||    19
       Scroll            |       |    10 |     4 |    17 |     3 ||    34
 Stab: Sleeping          |     1 |     2 |     1 |     1 |       ||     5
  Eat: Chunk             |     9 |    17 |    23 |    30 |     1 ||    80
